 Dungeon Sprint DCSS version 0.21.2 (webtiles) character file.

507 Fang the Fighter (level 7, -7/78 HPs)
             Began as a Gargoyle Berserker on Jan 23, 2019.
             Was a High Priest of Trog.
             Mangled by an alligator snapping turtle (30 damage)
             ... in the Dungeon (Sprint VII: "The Pits").
             The game lasted 00:03:00 (425 turns).

Fang the Fighter (Gargoyle Berserker)                Turns: 425, Time: 00:03:00

Health: -7/78      AC: 14    Str: 27    XL:     7   Next: 18%
Magic:  7/7        EV: 13    Int:  8    God:    Trog [*****.]
Gold:   0          SH:  0    Dex:  9    Spells: 6/6 levels left

rFire    . . .     SeeInvis .   n - +1 hand axe (chop)
rCold    . . .     Gourm    .   (no shield)
rNeg     + . .     Faith    .   o - +3 ring mail
rPois    ∞         Spirit   .   (no helmet)
rElec    +         Reflect  .   (no cloak)
rCorr    .         Harm     .   (no gloves)
MR       .....     NoTele   +   (no boots)
Stlth    ..........             (no amulet)
HPRegen  0.23/turn              (no ring)
MPRegen  0.10/turn              (no ring)

@: berserking, very quick
A: negative energy resistance 1, electricity resistance, unbreathing,
petrification resistance, rot immunity, AC +4
a: Berserk, Trog's Hand, Brothers in Arms, Burn Spellbooks, Renounce Religion


You were in the Dungeon.
You worshipped Trog.
Trog was extremely pleased with you.
You were hungry.

You visited 1 branch

Inventory:

Hand Weapons
 j - a +2 hand axe of electrocution
 n - a +1 hand axe of chopping (weapon)
Armour
 b - a +0 animal skin
 o - a +3 ring mail (worn)
Scrolls
 i - a scroll of blinking
 k - 3 scrolls of remove curse
 l - a scroll of summoning
Potions
 a - 2 potions of invisibility
 d - 6 potions of curing
 e - 6 potions of heal wounds
 f - a potion of haste
 g - 4 potions of magic
 h - 3 potions of berserk rage
Comestibles
 c - 9 rations


   Skills:
 + Level 10.3 Fighting
 + Level 9.3 Axes
 + Level 5.4 Armour
 + Level 4.7 Dodging
 + Level 0.2 Stealth


You had 6 spell levels left.
You didn't know any spells.

Dungeon Overview and Level Annotations

Branches:
Dungeon (1/1)

Altars:


Innate Abilities, Weirdness & Mutations

You are resistant to torment.
Your stone body is resilient. (AC +4)
You are immune to poison.
You resist negative energy. (rN+)
You are resistant to electric shocks. (rElec)
You can survive without breathing.
You are immune to petrification.
You are immune to rotting.


Message History

HP restored.
You open the door.
A hobgoblin comes into view.
The hobgoblin shouts!
You slash the hobgoblin!
You kill the hobgoblin!
Trog accepts your kill.
There is an open door here.
You open the door.
An alligator snapping turtle comes into view.
The alligator snapping turtle bites you from afar!!
Ouch! That really hurt!
A red film seems to cover your vision as you go berserk!
You feel yourself moving faster!
You feel mighty!
You are feeling hungry.
The alligator snapping turtle bites you from afar!
* * * LOW HITPOINT WARNING * * *
You feel a strong urge to attack something.
The alligator snapping turtle bites you!!
You die...

#.#...))...##.......#
#.#.)))....##.......#
#'###########.......#
#..)....# #########
#[###...# #†#.....#
#.#...#.#+#
#.....#.#t+
#...###.#@#
#.......'.#
###########


You could see an alligator snapping turtle.

Vanquished Creatures
  2 floating eyes (D)
  An ice beast (D)
  A gnoll sergeant (D)
  A scorpion (D)
  Jessica (D)
  6 gnolls (D)
  An ufetubus (D)
  An orc (D)
  A bat (D)
  A bat skeleton (D)
  A goblin (D)
  3 hobgoblins (D)
  A frilled lizard (D)
  A rat (D)
22 creatures vanquished.

Notes
Turn   | Place    | Note
-------+----------+-------------------------------------------
     0 | D        | Fang the Gargoyle Berserker began the quest for the Orb.
     0 | D        | Reached XP level 1. HP: 14/14 MP: 1/1
    72 | D        | Reached skill level 4 in Fighting
    72 | D        | Reached XP level 2. HP: 20/20 MP: 2/2
    73 | D        | Reached ** piety under Trog
    78 | D        | Noticed a floating eye
    78 | D        | Noticed a floating eye
    79 | D        | Paralysed by a floating eye for 3 turns
    82 | D        | Killed a floating eye
    82 | D        | Reached skill level 7 in Fighting
    82 | D        | Reached skill level 5 in Axes
    82 | D        | Reached XP level 3. HP: 28/28 MP: 3/3
    82 | D        | Reached XP level 4. HP: 34/34 MP: 4/4
    84 | D        | Killed a floating eye
    84 | D        | Reached skill level 8 in Fighting
    84 | D        | Reached XP level 5. HP: 40/40 MP: 5/5
    89 | D        | Reached *** piety under Trog
    99 | D        | Reached XP level 6. HP: 45/45 MP: 6/6
   104 | D        | Reached **** piety under Trog
   104 | D        | Reached skill level 9 in Fighting
   108 | D        | Reached ***** piety under Trog
   108 | D        | Reached skill level 5 in Armour
   312 | D        | Noticed Jessica
   326 | D        | Killed Jessica
   330 | D        | Reached skill level 10 in Fighting
   356 | D        | Noticed an ice beast
   372 | D        | Killed an ice beast
   372 | D        | Reached XP level 7. HP: 44/52 MP: 7/7
   423 | D        | Noticed an alligator snapping turtle
   425 | D        | Mangled by an alligator snapping turtle

Skill      XL: |  1  2  3  4  5  6 |
---------------+-------------------+-----
Axes           | 3 5 7 9 |  9.3
Fighting       | 4 7 8 10 | 10.3
Armour         | 3 4 5 |  5.4
Dodging        | 3 4 |  4.7
Stealth        | |  0.2

Action                   |  1- 3 |  4- 6 |  7- 9 || total
-------------------------+-------+-------+-------++-------
Melee: Hand axe          |     7 |    41 |     1 ||    49
Invok: Berserk           |       |     1 |     1 ||     2
Armor: Animal skin       |     6 |     7 |       ||    13
       Ring mail         |       |     7 |       ||     7
Dodge: Dodged            |     3 |    21 |       ||    24
